 Dungeon Crawl Stone Soup version 0.30-a0-347-gf58ed5266c (webtiles) character file.

Game seed: 11233398087166165563

81 bande the Trooper (level 4, 0/29 HPs)
             Began as a Gargoyle Fighter on Nov 7, 2022.
             Killed from afar by an orc wizard (7 damage)
             ... with a magic dart
             ... on level 2 of the Dungeon.
             The game lasted 00:03:47 (2577 turns).

bande the Trooper (Gargoyle Fighter)                Turns: 2577, Time: 00:03:48

Health: 0/29       AC: 12    Str: 20    XL:     4   Next: 42%
Magic:  4/4        EV: 13    Int:  8    God:
Gold:   144        SH:  4    Dex: 11    Spells: 3/3 levels left

rFire   . . .      SeeInvis .    a - +1 war axe
rCold   . . .      Faith    .    c - +0 buckler
rNeg    + . .      Spirit   .    b - +0 scale mail
rPois   ∞          Reflect  .    (no helmet)
rElec   +          Harm     .    f - +1 cloak
rCorr   .          Rampage  .    (no gloves)
Will    .....                    (no boots)
Stlth   ..........               (no amulet)
HPRegen 0.24/turn                e - +4 ring of evasion
MPRegen 0.09/turn                (no ring)

@: no status effects
A: sickness immunity, AC +3, negative energy resistance 1, electricity
resistance, torment resistance 1, petrification resistance
a: no special abilities


You were on level 2 of the Dungeon.
You visited 1 branch of the dungeon, and saw 3 of its levels.

You collected 144 gold pieces.

Inventory:

Hand Weapons
 a - a +1 war axe (weapon)
 o - a +0 flail
Armour
 b - a +0 scale mail (worn)
 c - a +0 buckler (worn)
 f - a +1 cloak (worn)
Jewellery
 e - a +4 ring of evasion (left hand)
 j - a ring of wizardry
Wands
 n - a wand of roots (10)
Scrolls
 l - a scroll of identify
 p - a scroll of silence
 q - a scroll of fear {unknown}
Potions
 d - 2 potions of might
 g - a potion of heal wounds
 h - a potion of flight
 i - 2 potions of brilliance
 k - a potion of haste
 m - 2 potions of berserk rage


   Skills:
 + Level 3.9 Fighting
 + Level 2.9 Axes
 + Level 3.7 Armour
 + Level 3.7 Shields
 * Level 0.7 Evocations


You had 3 spell levels left.
You didn't know any spells.
Your spell library contained the following spells:

 Spells                   Type           Power      Damage    Failure   Level
 Necrotise                Necr           0%         1d4       85%         1
 Vampiric Draining        Necr           0%         2d6       99%         3
 Agony                    Necr           0%         N/A       100%        5


Dungeon Overview and Level Annotations

Branches:
Dungeon (3/15)

Altars:
Ru


Innate Abilities, Weirdness & Mutations

You are immune to sickness and miasma.
Your stone body is resilient. (AC +3)
You are immune to poison.
You resist negative energy. (rN+)
You are resistant to electric shocks. (rElec)
You are resistant to unholy torment.
You are immune to petrification.


Message History

You miss something. You slash the orc! Something hits you.
You block the orc's attack.
You slash something! You hit the orc.
You kill the orc!
Something hits you.
You closely miss something. Something hits you but does no damage.
You hear some strange, mumbled words.
Something tries to affect you, but you resist.
You barely miss something.
You hear some strange, mumbled words.
You are confused.
You bump into the rock wall.
Something hits you.
You barely miss something.
You hear some strange, mumbled words.
Something tries to affect you, but you resist.
You completely miss something.
You hear some strange, mumbled words.
You are more confused.
Something hits you but does no damage.
You miss something. Something hits you but does no damage.
You miss something.
You hear some strange, mumbled words.
Something tries to affect you, but you resist.
Something hits you but does no damage.
You bump into the rock wall.
Something hits you but does no damage.
You miss something. Something hits you but does no damage.
You hear some strange, mumbled words.
A puff of flame appears from out of thin air!
The puff of flame hits you!
You bump into the rock wall.
Something hits you but does no damage.
You completely miss something.
You feel less confused. Something hits you.
* * * LOW HITPOINT WARNING * * *
You closely miss something. Something hits you but does no damage.
You closely miss something.
You hear some strange, mumbled words.
A magic dart appears from out of thin air!
The magic dart hits you!
You die...

###.# #.# #######.##. # #.###
#.####......... #
#...######.##...#####.>. ##
###........#..### ###. .####
########....### ## ....#
#..#...## # ###.## #..#÷...# #
#^.## ####)......##
####..##########@{)>##.....######
##.........).....................
.#.....###################....###
.###...# ##...... .#....###
###.... .####...### ##### ##
#.#...# #.###)##########
#..(...........###


There were no monsters in sight!

Vanquished Creatures
  A gnoll (D:2)
  3 worms
  A dart slug (D:3)
  2 orcs
  2 endoplasms
  2 giant cockroaches (D:2)
  5 goblins
  6 hobgoblins
  2 jackals (D:1)
  7 kobolds
  3 quokkas
  4 ball pythons
  6 bats
  11 frilled lizards
  2 rats (D:2)
57 creatures vanquished.

Vanquished Creatures (others)
  5 plants (D:2)
5 creatures vanquished.

Grand Total: 62 creatures vanquished

Notes
Turn   | Place    | Note
-------+----------+-------------------------------------------
     0 | D:1      | bande the Gargoyle Fighter began the quest for the Orb.
     0 | D:1      | Reached XP level 1. HP: 14/14 MP: 1/1
   365 | D:1      | Reached XP level 2. HP: 18/19 MP: 2/2
   724 | D:1      | Found a faded altar of an unknown god.
  1340 | D:2      | Reached XP level 3. HP: 24/24 MP: 3/3
  1929 | D:3      | Reached XP level 4. HP: 29/29 MP: 4/4
  1934 | D:3      | Found a sacrificial altar of Ru.
  2577 | D:2      | Killed from afar by an orc wizard

Illustrated notes

Levels and vault maps discovered:
D:1:      psy_arrival_fountain, layout_loops_corners,
          ebering_ecumenical_altar_sacrificial, serial_forest,
          infiniplex_forest_clump_medium, infiniplex_forest_clump_double,
          infiniplex_forest_zigzag_2, infiniplex_forest_straight_3,
          infiniplex_forest_end_3, infiniplex_forest_lined_3
D:2:      layout_rooms, minmay_lizard_king
D:3:      layout_basic, lemuel_round_altar, uniq_terence

Skill      XL: |  1  2 |
---------------+-------+-----
Axes           | 2 |  2.9
Fighting       | |  3.9
Armour         | |  3.7
Shields        | |  3.7
Evocations     | |  0.7

Action                   |  1- 3 |  4- 6 || total
-------------------------+-------+-------++-------
Melee: War axe           |   169 |    47 ||   216
  Use: Scroll            |     8 |     1 ||     9
Armor: Scale mail        |   101 |    35 ||   136
Dodge: Dodged            |    77 |    49 ||   126
Block: Buckler           |    37 |    14 ||    51

Table legend: (Time is in decaauts)
 A = Elapsed time spent in this place.
 B = Non-inter-level travel time spent in this place.
 C = Inter-level travel time spent in this place.
 D = Time resting spent in this place.
 E = Time spent auto-exploring this place.
 F = Levels seen in this place.
 G = Mean time per level.
                   A        B        C        D        E       F      G
               +--------+--------+--------+--------+--------+-----+--------+
         Total |   2673 |   2616 |     57 |    514 |   1481 |   3 |  891.0 |
       Dungeon |   2673 |   2616 |     57 |    514 |   1481 |   3 |  891.0 |
               +--------+--------+--------+--------+--------+-----+--------+

Top non-repeatable levels by time:
     D:1: 1353 daAuts
     D:2: 920 daAuts
     D:3: 399 daAuts
